AoeStats
← PlayerSlayer12

Black Forest

510317683Analyzed
3v3 RM · 20h ago on Sep 30, 2026· 56m 56s· 6 players
Game mode
Random Map
Map size
Normal (6 player)
Population
200
Speed
Normal
Resources
Standard
Victory
Conquest
Starting age
Dark Age
Ending age
Imperial Age
RankedLock teamsTeams togetherTeam positionsShared explorationLock speedFull tech treeHidden civsTurbo modeCheats
Victory
Defeat
🇨🇭 Spanish · Switzerland
1004
+13
🇭🇺 Italians · Hungary
993
+13
🇨🇳 Persians · China
898
+17
🇳🇿 Byzantines · New Zealand
951
-15
🇳🇿 Vikings · New Zealand
949
-15
🇳🇿 Wei · New Zealand
900
-13
justinwenzy
3:01 Loom
18:40 Feudal Age
25:58 Wheelbarrow
25:12 Double-Bit Axe
32:09 Castle Age
31:05 Fletching
31:26 Forging
33:59 Stone Mining
34:01 Gold Mining
34:23 Bow Saw
33:57 Horse Collar
33:41 Pikeman
34:46 Bodkin Arrow
39:08 Fervor
39:16 Hand Cart
39:23 Squires
42:48 Ballistics
42:33 Murder Holes
45:45 Imperial Age
48:45 Thumb Ring
48:00 Crossbowman
48:30 Elite Skirmisher
Doski
10:51 Loom
13:28 Feudal Age
14:06 Double-Bit Axe
24:34 Castle Age
22:22 Horse Collar
23:39 Fletching
24:19 Gold Mining
25:25 Bow Saw
25:16 Heavy Plow
24:46 Crossbowman
27:50 Bodkin Arrow
27:57 Padded Archer Armor
30:23 Arson
30:39 Squires
33:46 Imperial Age
34:14 Leather Archer Armor
34:28 Ballistics
33:52 Arbalester
34:38 Bracer
35:27 Ring Archer Armor
36:05 Gold Shaft Mining
36:47 Two-Man Saw
37:31 Chemistry
43:44 Elite Varangian Guard
48:55 Coinage
Scourge
11:16 Loom
13:31 Feudal Age
14:20 Double-Bit Axe
14:20 Horse Collar
15:29 Gold Mining
19:44 Stone Mining
22:13 Castle Age
21:18 Bloodlines
21:23 Scale Barding Armor
22:21 Fishing Lines
23:40 Chain Barding Armor
25:07 Husbandry
25:21 Forging
25:33 Bow Saw
30:14 Caravan
31:06 Tuntian
31:57 Iron Casting
35:40 Imperial Age
34:00 Wheelbarrow
34:02 Heavy Plow
33:56 Gillnets
35:12 Hand Cart
36:00 Heavy Hei Guang Cavalry
37:53 Blast Furnace
38:46 Conscription
38:57 Ming Guang Armor
41:37 Murder Holes
PlayerSlayer12
5:07 Loom
14:06 Feudal Age
16:17 Double-Bit Axe
19:33 Castle Age
19:22 Fishing Lines
25:07 Horse Collar
25:41 Bow Saw
25:45 Gillnets
26:22 Gold Mining
27:19 Wheelbarrow
27:15 Heavy Plow
32:26 Imperial Age
30:42 Silk Road
33:07 Hand Cart
32:38 Town Watch
34:40 Two-Man Saw
33:59 Hand Cart
33:29 Town Watch
35:09 Ballistics
35:50 Chemistry
35:03 Masonry
35:29 Caravan
35:27 Elite Genoese Crossbowman
37:06 Crop Rotation
37:17 Fletching
37:28 Padded Archer Armor
37:59 Conscription
37:19 Elite Skirmisher
38:39 Onager
39:56 Town Patrol
39:49 Stone Mining
40:30 Bodkin Arrow
40:50 Leather Archer Armor
42:10 Pirotechnia
44:01 Stone Shaft Mining
47:39 Bracer
48:09 Ring Archer Armor
R1C0L4
11:17 Feudal Age
16:58 Castle Age
15:49 Double-Bit Axe
18:46 Fishing Lines
26:12 Gillnets
26:30 Loom
27:21 Wheelbarrow
29:30 Hand Cart
29:00 Town Watch
29:44 Husbandry
29:56 Bloodlines
30:24 Gold Mining
30:46 Bow Saw
30:19 Horse Collar
30:50 Stone Mining
34:12 Imperial Age
31:32 Town Watch
33:14 Caravan
34:23 Cavalier
35:18 Guilds
35:24 Scale Barding Armor
35:29 Forging
35:10 Fletching
37:11 Fervor
37:22 Sanctity
37:07 Herbal Medicine
37:57 Stone Shaft Mining
36:46 Paladin
38:45 Chain Barding Armor
39:01 Iron Casting
38:22 Bodkin Arrow
39:32 Chemistry
38:53 Ballistics
38:44 Masonry
38:30 Murder Holes
40:48 Plate Barding Armor
43:51 Architecture
43:42 Ballistics
43:43 Bombard Tower
43:46 Bracer
44:47 Blast Furnace
43:50 Bracer
43:51 Scale Mail Armor
43:52 Padded Archer Armor
50:39 Coinage
51:37 Block Printing
51:48 Illumination
52:20 Leather Archer Armor
52:21 Chain Mail Armor
54:43 Hoardings
54:29 Supremacy
54:30 Conscription
53:40 Sappers
54:51 Inquisition
57:00 Two-Man Saw
57:06 Two-Man Saw
足下的土地
0:29 Loom
12:13 Feudal Age
12:36 Double-Bit Axe
20:46 Castle Age
18:51 Stone Mining
19:05 Gold Mining
19:36 Horse Collar
21:41 Bow Saw
22:10 Fletching
22:22 Padded Archer Armor
24:28 Wheelbarrow
24:24 Crossbowman
28:52 Bloodlines
28:43 Husbandry
30:20 Hand Cart
29:59 Town Watch
35:41 Imperial Age
33:33 Caravan
36:52 Kamandaran
36:27 Heavy Camel Rider
37:30 Heavy Plow
39:43 Two-Man Saw
40:27 Ballistics
41:18 Chemistry
40:40 Scale Barding Armor
40:45 Forging
41:25 Gold Shaft Mining
41:32 Thumb Ring
42:13 Bodkin Arrow
42:34 Leather Archer Armor
43:13 Stone Shaft Mining
43:37 Town Patrol
44:32 Leather Archer Armor
44:15 Murder Holes
45:38 Citadels
46:01 Ring Archer Armor
46:08 Iron Casting
45:53 Chain Barding Armor
46:18 Crop Rotation
46:09 Masonry
49:24 Cavalier
51:46 Plate Barding Armor
52:12 Blast Furnace
52:06 Conscription
Connection lost

Rejoining the realm…

Still unreachable

The connection could not be restored.

Session expired

The server has moved on; the page needs a fresh start.